 Dungeon Crawl Stone Soup version 0.31.0-32-g396128a36d (webtiles) character file.

Game seed: 1869783252658641773

210 booth the Chopper (level 5, -6/47 HPs)
             Began as a Minotaur Fighter on Mar 19, 2024.
             Mangled by an iguana (9 damage)
             ... on level 4 of the Dungeon.
             The game lasted 00:11:03 (2198 turns).

booth the Chopper (Minotaur Fighter)                Turns: 2198, Time: 00:11:03

Health: -6/47      AC:  7    Str: 21    XL:     5   Next: 57%
Magic:  4/4        EV: 10    Int:  7    God:
Gold:   144        SH:  4    Dex:  9    Spells: 4/4 levels left

rFire   . . .        a - +0 war axe
rCold   . . .        c - +0 buckler
rNeg    . . .        b - +0 scale mail
rPois   .            (helmet restricted)
rElec   .            (no cloak)
rCorr   .            (no gloves)
SInv    .            (no boots)
Will    +....        (no amulet) Stlth
                     n - ring of willpower
HPRegen 0.27/turn    (no ring)
MPRegen 0.09/turn

%: no passive effects
@: silenced (expiring), studying Dodging
A: horns 2, retaliatory headbutt
a: no special abilities


You were on level 4 of the Dungeon.
You visited 1 branch of the dungeon, and saw 4 of its levels.

You collected 144 gold pieces.

Inventory:

Hand Weapons
 a - a +0 war axe (weapon)
 h - a +0 flail
Missiles
 k - a throwing net (quivered)
Armour
 b - a +0 scale mail (worn)
 c - a +0 buckler (worn)
Jewellery
 e - an amulet of magic regeneration
 n - a ring of willpower (left hand)
Wands
 l - a wand of polymorph (6)
 o - a wand of digging (7)
 p - a wand of quicksilver (8)
Scrolls
 i - a scroll of amnesia
 m - a scroll of blinking {unknown}
Potions
 d - 2 potions of might
 f - a potion of resistance
 g - 2 potions of curing
 j - a potion of ambrosia
 q - a potion of heal wounds {unknown}
 s - 2 potions of attraction {unknown}
 t - 2 potions of invisibility {unknown}
 v - a potion of magic {unknown}


   Skills:
 + Level 4.7 Fighting
 * Level 4.8 Axes
 + Level 4.7 Armour
 + Level 3.2 Dodging
 - Level 3.8 Shields


You had 4 spell levels left.
You didn't know any spells.
Your spell library contained the following spells:

 Spells                   Type           Power      Damage    Failure   Level
 Conjure Ball Lightning   Conj/Air       0%         3x3d6     100%        6
 Discord                  Hex            0%         N/A       100%        8
 Disjunction              Tloc           0%         N/A       100%        8
 Chain Lightning          Conj/Air       0%         N/A       100%        9
 Fire Storm               Conj/Fire      0%         5d1       100%        9
 Shatter                  Erth           0%         3d5*      100%        9


Dungeon Overview and Level Annotations

Branches:
Dungeon (4/15)
 Temple: D:4-7

Altars:
Zin

Annotations:
D:3 2 runed translucent doors, jimmypageman's ghost, amateur MiFi


Innate Abilities, Weirdness & Mutations

You have a pair of horns on your head.
You reflexively headbutt those who attack you in melee.


Message History

The orc wizard hits you but does no damage.
The orc hits you with a +0 club. The orc barely misses you.
The iguana bites you.
You hit the orc.
The orc is heavily wounded.
You closely miss the orc wizard. You barely miss the orc.
You closely miss the iguana. You hit the orc. The orc closely misses you.
The orc wizard hits you with a +0 dagger.
The orc closely misses you. You furiously retaliate!
You headbutt the orc!
You kill the orc!
The iguana bites you!
* * * LOW HITPOINT WARNING * * *
The orc barely misses you.
You slash the orc!
You kill the orc!
You closely miss the orc wizard. You hit the orc.
You kill the orc!
You hit the iguana.
The orc wizard hits you but does no damage.
The iguana bites you.
* * * LOW HITPOINT WARNING * * *
You closely miss the orc wizard. You barely miss the iguana.
The orc wizard casts a spell.
The orc wizard flickers and vanishes!
Deactivating autopickup; reactivate with Ctrl-A.
The iguana bites you.
* * * LOW HITPOINT WARNING * * *
You barely miss something. You closely miss the iguana.
Something hits you but does no damage.
The iguana bites you but does no damage.
Something hits you but does no damage. The iguana bites you.
* * * LOW HITPOINT WARNING * * *
You feel better. Something hits you but does no damage.
You block the iguana's attack.
You closely miss something. You hit the iguana.
A magic dart appears from out of thin air!
The magic dart hits you!
* * * LOW HITPOINT WARNING * * *
The iguana bites you!
You die...

###### ....##
#<.... .....#
##..... .....#
....... .....#
#..... ....###
#.....#.......
#..l......##
#..)@.......
#..{))....#.
.............#
.............#
...............
...............
.............##
!............#


You could see an iguana.

Vanquished Creatures
  A phantom (D:3)
  Jessica (D:2)
  3 adders
  A dart slug (D:1)
  A ribbon worm (D:2)
  7 orcs
  3 bats
  4 endoplasms
  6 giant cockroaches
  4 goblins
  7 hobgoblins
  3 jackals (D:3)
  5 quokkas
  8 ball pythons
  A frilled lizard (D:2)
  6 kobolds
  6 rats
67 creatures vanquished.

Notes
Turn   | Place    | Note
-------+----------+-------------------------------------------
     0 | D:1      | booth the Minotaur Fighter began the quest for the Orb.
     0 | D:1      | Reached XP level 1. HP: 19/19 MP: 0/0
   183 | D:1      | Reached XP level 2. HP: 27/27 MP: 1/1
   493 | D:1      | Reached skill level 1 in Dodging
   752 | D:1      | Reached XP level 3. HP: 33/33 MP: 2/2
  1168 | D:2      | Noticed Jessica
  1178 | D:2      | Killed Jessica
  1179 | D:2      | Reached XP level 4. HP: 35/41 MP: 3/3
  1453 | D:3      | Noticed a phantom
  1460 | D:3      | Killed a phantom
  1461 | D:3      | Reached XP level 5. HP: 46/47 MP: 4/4
  1598 | D:3      | Found a glowing silver altar of Zin.
  1617 | D:3      | Found a large runed translucent door.
  1617 | D:3      | Found a large runed translucent door.
  1618 | D:3      | Noticed jimmypageman's ghost (amateur MiFi)
  2196 | D:4      | HP: 1/47 [iguana (5)]
  2198 | D:4      | Mangled by an iguana

Illustrated notes

Levels and vault maps discovered:
D:1:      minmay_arrival_arboretum_small, layout_basic, bh_walls_and_bars
D:2:      layout_loops_ring, uniq_jessica
D:3:      layout_loops_cross, overflow_temple_1_default,
          ebering_ghost_disaster_area
D:4:      layout_loops_cross, mainiacjoe_overflow_cross_hatched,
          lemuel_round_altar, minmay_temple_entry_drinking_statues,
          serial_shops, nicolae_shop_rolling_square, columned_hall_lemuel

Skill      XL: |  1  2  3  4  5 |
---------------+----------------+-----
Axes           | 3 4 |  4.8
Dodging        | 1 2 3 |  3.2
Fighting       | 4 |  4.7
Armour         | 4 |  4.7
Shields        | |  3.8

Action                     |  1- 3 |  4- 6 || total
---------------------------+-------+-------++-------
  Melee: War axe           |    75 |    54 ||   129
         Headbutt          |     7 |     5 ||    12
    Use: Scroll            |       |     4 ||     4
         Potion            |       |     2 ||     2
 Armour: Scale mail        |    33 |    36 ||    69
  Dodge: Dodged            |    30 |    24 ||    54
  Block: Buckler           |    13 |    11 ||    24
